 Dungeon Crawl Stone Soup version 0.28.0-53-g5a82cb258f (webtiles) character file.

Game seed: 2002537033382728001

541 Stomo the Ducker (level 7, -1/54 HPs)
             Began as a Demonspawn Gladiator on July 4, 2022.
             Slain by a water moccasin zombie (6 damage)
             ... on level 4 of the Dungeon.
             The game lasted 00:05:34 (3800 turns).

Stomo the Ducker (Demonspawn Gladiator)             Turns: 3800, Time: 00:05:35

Health: -1/54      AC: 13    Str: 16    XL:     7   Next: 5%
Magic:  7/7        EV: 13    Int:  9    God:
Gold:   113        SH:  0    Dex: 15    Spells: 6/6 levels left

rFire   . . .      SeeInvis .   d - +2 mace (protect)
rCold   . . .      Faith    .   (no shield)
rNeg    . . .      Spirit   .   b - +0 leather armour
rPois   .          Reflect  .   (helmet restricted)
rElec   .          Harm     .   (no cloak)
rCorr   .          Rampage  .   (no gloves)
Will    .....                   (no boots)
Stlth   +.........              (no amulet)
HPRegen 0.18/turn               (no ring)
MPRegen 0.10/turn               (no ring)

@: under a protective aura
A: antennae 1, thin metallic scales 2, ignite blood 1, powered by death 1
a: no special abilities


You were on level 4 of the Dungeon.
You visited 1 branch of the dungeon, and saw 4 of its levels.

You collected 113 gold pieces.

Inventory:

Hand Weapons
 a - a +1 flail
 d - a +2 mace of protection (weapon)
 g - a +0 whip
 q - a +1 flail of protection
Missiles
 m - a throwing net (quivered)
Armour
 b - a +0 leather armour (worn)
 c - a +0 helmet
Jewellery
 j - a ring of fire
Scrolls
 i - 2 scrolls of vulnerability
 n - a scroll of teleportation
 p - 4 scrolls of identify
Potions
 f - 2 potions of brilliance {unknown}
 h - a potion of might {unknown}
 k - 3 potions of flight {unknown}
 l - a potion of mutation {unknown}
 o - 2 potions of resistance {unknown}


   Skills:
 + Level 4.1 Fighting
 + Level 4.3 Maces & Flails
 - Level 1.7 Throwing
 + Level 3.1 Armour
 + Level 4.3 Dodging


You had 6 spell levels left.
You didn't know any spells.
Your spell library contained the following spells:

 Spells                   Type           Power      Damage    Failure   Level
 Animate Skeleton         Necr           0%         N/A       43%         1
 Apportation              Tloc           0%         N/A       43%         1
 Summon Small Mammal      Summ           0%         N/A       43%         1


Dungeon Overview and Level Annotations

Branches:
Dungeon (4/15)
 Temple: D:4-7

Altars:
Elyvilon
Fedhas
Gozag
Sif Muna
Vehumet


Innate Abilities, Weirdness & Mutations

You have a pair of small antennae on your head.
You are mostly covered in thin metallic scales. (AC +3)
Your demonic aura sometimes causes spilled blood to erupt in flames.
You regenerate a little health from kills.


Message History

Unknown command.
You closely miss the orc.
You feel less invigorated.
You feel less confused.
* * * LOW HITPOINT WARNING * * *
You feel very sick. The orc closely misses you.
Unknown command.
You sock the orc!
Your weapon exudes an aura of protection.
You kill the orc!
You feel very sick.
Unknown command.
You sock the water moccasin zombie!
The water moccasin zombie is severely damaged.
You feel sick. The water moccasin zombie bites you.
* * * LOW HITPOINT WARNING * * *
The water moccasin zombie closely misses you.
You completely miss the water moccasin zombie.
The water moccasin zombie is severely damaged.
You feel sick.
The water moccasin zombie barely misses you.
You hit the water moccasin zombie. You punch the water moccasin zombie.
The water moccasin zombie is almost destroyed.
You feel sick.
The water moccasin zombie barely misses you. x2
Unknown command.
You hit the water moccasin zombie.
The water moccasin zombie is almost destroyed.
You feel sick.
The water moccasin zombie closely misses you.
You hit the water moccasin zombie.
The water moccasin zombie is almost destroyed.
You feel sick.
The water moccasin zombie barely misses you.
You barely miss the water moccasin zombie.
The water moccasin zombie is almost destroyed.
You feel sick.
You are no longer poisoned.
The water moccasin zombie bites you.
You die...

#...# #.#
#...#########.#
#...##......#[#######
#.<.'....##.#.##....#
#...##...##...##....####
#####>.....)..)'....')..
#..........####....####
####.#.###.# #....#
#.#@# ### #....# #.#Z#
######### #.#.### #...#
##'#...##########...#
#......'........'...'
#......##########...#
#......# #...# #......#
#...# ######## #...#


You could see a water moccasin zombie.

Vanquished Creatures
  Sigmund (D:3)
  A necrophage (D:3)
  A scorpion (D:2)
  An orc priest (D:4)
  Jessica (D:3)
  Terence (D:2)
  Robin (D:3)
  4 adders
  2 river rats (D:3)
  5 worms
  A dart slug (D:2)
  4 orcs
  8 endoplasms
  2 giant cockroaches
  14 goblins
  14 hobgoblins
  8 kobolds
  2 quokkas
  5 ball pythons
  3 bats
  A frilled lizard (D:2)
  8 rats
88 creatures vanquished.

Vanquished Creatures (others)
  5 fungi (D:2)
  4 plants (D:2)
9 creatures vanquished.

Grand Total: 97 creatures vanquished

Notes
Turn   | Place    | Note
-------+----------+-------------------------------------------
     0 | D:1      | Stomo the Demonspawn Gladiator began the quest for the Orb.
     0 | D:1      | Reached XP level 1. HP: 16/16 MP: 1/1
   203 | D:1      | Gained mutation: You regenerate a little health from kills.
                  | [demonic ancestry]
   203 | D:1      | Reached XP level 2. HP: 14/22 MP: 2/2
  1019 | D:2      | Noticed Terence
  1115 | D:2      | Reached skill level 1 in Armour
  1115 | D:2      | Gained mutation: You are partially covered in thin metallic
                  | scales. (AC +2) [demonic ancestry]
  1115 | D:2      | Reached XP level 3. HP: 21/28 MP: 3/3
  1280 | D:2      | Noticed a scorpion
  1290 | D:2      | Killed a scorpion
  1291 | D:2      | Reached XP level 4. HP: 26/34 MP: 4/4
  1403 | D:2      | Killed Terence
  1892 | D:2      | Found a faded altar of an unknown god.
  2100 | D:3      | Gained mutation: Your demonic aura sometimes causes spilled
                  | blood to erupt in flames. [demonic ancestry]
  2100 | D:3      | Reached XP level 5. HP: 41/41 MP: 5/5
  2227 | D:3      | Found an opulent altar of Gozag.
  2228 | D:3      | Noticed Sigmund
  2312 | D:3      | Found a blossoming altar of Fedhas.
  2327 | D:3      | Noticed Jessica
  2339 | D:3      | Killed Jessica
  2535 | D:3      | Noticed a necrophage
  2551 | D:3      | Killed a necrophage
  2552 | D:3      | Gained mutation: You are mostly covered in thin metallic
                  | scales. (AC +3) [demonic ancestry]
  2552 | D:3      | Reached XP level 6. HP: 44/47 MP: 6/6
  2633 | D:3      | Noticed Robin
  2666 | D:3      | Killed Robin
  3030 | D:3      | Found a radiant altar of Vehumet.
  3328 | D:3      | Killed Sigmund
  3750 | D:4      | Found a shimmering blue altar of Sif Muna.
  3758 | D:4      | Gained mutation: You have a pair of small antennae on your
                  | head. [demonic ancestry]
  3758 | D:4      | Reached XP level 7. HP: 10/54 MP: 7/7
  3800 | D:4      | Slain by a water moccasin zombie

Illustrated notes

Levels and vault maps discovered:
D:1:      dpeg_arrival_tiny_b, layout_loops_ring
D:2:      layout_basic, dreamdust_ecumenical_altar_hidden_monk_grotto,
          uniq_terence
D:3:      layout_basic, lemuel_tele_altar, mainiacjoe_overflow_catch_the_wave,
          mainiacjoe_overflow_six_doors_small, lightli_sewer_entry_pipes,
          minmay_misc_feat_iff, uniq_robin, uniq_jessica, uniq_sigmund
D:4:      layout_basic, nicolae_sif_muna_condensation, uniq_natasha

Skill      XL: |  1  2  3  4  5  6 |
---------------+-------------------+-----
Maces & Flails | 3 4 |  4.3
Dodging        | 3 4 |  4.3
Armour         | 1 2 3 |  3.1
Fighting       | 3 4 |  4.1
Throwing       | |  1.7

Action                   |  1- 3 |  4- 6 |  7- 9 || total
-------------------------+-------+-------+-------++-------
Melee: Flail             |    78 |    15 |       ||    93
       Punch             |     2 |     6 |     1 ||     9
       Mace              |       |   234 |    19 ||   253
Throw: Throwing net      |       |     3 |       ||     3
  Use: Scroll            |     3 |     2 |       ||     5
       Potion            |       |       |     1 ||     1
 Stab: Sleeping          |     1 |       |       ||     1
       Held in net/web   |       |     4 |       ||     4
Armor: Leather armour    |    18 |    93 |     6 ||   117
Dodge: Dodged            |    59 |   173 |    17 ||   249
